 Dungeon Crawl Stone Soup version 5.3-36-g3e1cf7a (webtiles) character file.

45 Halgar the Vexing (level 12, -7/78 HPs) *CASUAL*
             Began as a Kobold Arcane Marksman on Feb 8, 2018.
             Was a Follower of Vehumet.
             Mangled by a death yak (24 damage)
             ... on level 9 of the Dungeon.
             The game lasted 01:09:29 (8190 turns).

Halgar the Vexing (Kobold Arcane Marksman)          Turns: 8190, Time: 01:09:29

Health: -7/78      AC: 10 (0%)Str:  9   XL:     12   Next: 23%
Magic:  9/22       EV: 21    Int: 18    God:    Vehumet [1*[48]]
Gold:   635        SH:  6    Dex: 19    Spells: 26/45 levels left

rFire    . . .     SeeInvis .   s - +0 whip (drain)
rCold    . . .     Faith    .   (shield restricted)
rNeg     . . .     Spirit   .   c - +0 robe
rPois    .         Reflect  +   v - +1 helmet
rElec    .                      B - +0 cloak
rCorr    .                      (no gloves)
MR       .....                  z - +0 pair of boots
Stlth    ++++......             F - +6 amulet of reflection
Regen    0.3/turn               f - +5 ring of intelligence
MPRegen  0.3/turn               C - +3 ring of protection

@: no status effects
A: dopey, robust 1, evolution, repel shadows, powerful earth magic
a: Renounce Religion


You were on level 9 of the Dungeon.
You worshipped Vehumet.
Vehumet was aware of your devotion.
You were not hungry.

You visited 1 branch of the dungeon, and saw 9 of its levels.

You collected 635 gold pieces.

Inventory:

Hand Weapons
 a - a +0 shortbow
 g - a +0 dagger
 h - a +0 spear
 i - a +1 dagger of electrocution
 s - a +0 whip of draining (weapon)
 w - a +1 dagger of pain
 x - a +0 rapier
Missiles
 e - 1609 stones (quivered)
 n - 420 poisoned darts
 p - 117 tomahawks
 G - 66 exploding tomahawks
Armour
 c - a +0 robe (worn)
 v - a +1 helmet (worn)
 z - a +0 pair of boots (worn)
 B - a +0 cloak (worn)
 K - a +0 cloak
Magical Staves
 J - an uncursed staff of summoning
Jewellery
 f - a +5 ring of intelligence (left hand)
 q - an uncursed amulet of faith
 u - an uncursed ring of positive energy
 A - an uncursed ring of resist corrosion
 C - a +3 ring of protection (right hand)
 D - an uncursed ring of poison resistance
 F - a +6 amulet of reflection (around neck)
Wands
 r - a wand of scattershot (3)
 E - a wand of flame (7)
 M - a wand of acid (4)
 N - a wand of lightning (5)
Scrolls
 b - 2 scrolls of fear
 j - 5 scrolls of amnesia
 m - 2 scrolls of enchant armour
 o - a scroll of teleportation
 y - a scroll of enchant weapon
 H - 2 scrolls of blinking
Potions
 k - a potion of cancellation
 l - 3 potions of curing
 t - 3 potions of lignification
 I - a potion of flight
 L - 2 potions of augmentation


   Skills:
 + Level 6.8 Fighting
 + Level 5.5 Blades
 + Level 5.5 Axes
 + Level 5.5 Maces & Staves
 + Level 5.5 Polearms
 + Level 8.1 Bows & Xbows
 + Level 5.5 Throwing
 + Level 5.5 Armour
 + Level 8.1 Dodging
 + Level 5.5 Stealth
 + Level 5.5 Shields
 + Level 5.5 Unarmed Combat
 + Level 7.0 Spellcasting
 + Level 9.5 Hexes
 + Level 5.5 Charms
 + Level 5.5 Summonings
 + Level 5.5 Necromancy
 + Level 5.5 Translocations
 + Level 5.5 Transmutations
 + Level 5.5 Fire Magic
 + Level 5.5 Ice Magic
 + Level 5.5 Air Magic
 + Level 5.5 Earth Magic
 + Level 5.5 Invocations
 + Level 5.5 Evocations


You had 26 spell levels left.
You knew the following spells:

 Your Spells              Type           Power        Failure   Level  Hunger
a - Corona                Hex            40 (90)      1%          1    N/A
b - Slow                  Hex            40 (100)     1%          2    N/A
c - Portal Projectile     Hex/Tloc       33 (50)      1%          3    N/A
d - Blink                 Tloc           N/A          1%          2    N/A
e - Cause Fear            Hex            40 (200)     2%          4    N/A
f - Leda's Liquefaction   Hex/Erth       49 (200)     4%          4    N/A
g - Call Canine Familiar  Summ           26 (100)     3%          3    N/A

Dungeon Overview and Level Annotations

Branches:
Dungeon (9/15)

Altars:
Cheibriados
Dithmenos
Elyvilon
Gozag
Hepliaklqana
Jiyva
Kikubaaqudgha
Makhleb
Nemelex Xobeh
Okawaru
Qazlal
Ru
Sif Muna
Trog
Uskayaw
Vehumet
Wu Jian
Xom
Yredelemnul
Zin
The Shining One

Shops:
D:9 *


Innate Abilities, Weirdness & Mutations

You are small and have problems with some larger weapons.
You evolve.
You are dopey. (Int -5)
You are robust. (+10% HP)
Shadows flee at your approach. (+LOS)
Your serious nature empowers your earth magic.


Message History

You hit the death yak but do no damage. You drain the death yak (2)!
The death yak is lightly wounded.
The death yak gores you (2).
* * * LOW HITPOINT WARNING * * *
You feel much better. The death yak gores you (20)!!
* * * LOW HITPOINT WARNING * * *
You barely miss the death yak.
The death yak is lightly wounded.
You hit the death yak but do no damage. You drain the death yak (2)!
The death yak is lightly wounded.
The death yak gores you (1).
* * * LOW HITPOINT WARNING * * *
You barely miss the death yak.
The death yak is lightly wounded.
The death yak barely misses you.
You hit the death yak but do no damage.
The death yak is lightly wounded.
You are no longer teleporting projectiles to their destination.
The death yak gores you (24)!!
You die...

#####################
#..............Y@...#
#.#################.# #.#.....#
#)# #Y#.###.# #ยง# ## ........#
#Y# ..
#.#.###############Y#######.####.
#.#.Y..>............F.).Y........
#.#####...................Y......
......#.########........#........


You could see a death yak.

Vanquished Creatures
  A two-headed ogre (D:9)
  Pikel (D:5)
  A spiny frog (D:9)
  Sigmund (D:3)
  10 yaks
  2 wyverns
  An angry ghost (D:8)
  3 orc warriors
  A spiny frog skeleton (D:8)
  3 ice beasts
  2 black bears
  A slave (D:5)
  2 ogres (D:8)
  A phantom (D:7)
  A bullfrog (D:8)
  Blork the orc (D:5)
  A gnoll sergeant (D:8)
  A wyvern zombie (D:8)
  2 scorpions (D:3)
  2 wyvern skeletons
  A water moccasin skeleton (D:8)
  6 killer bees (D:8)
  A crimson imp (D:8)
  2 jellies
  4 quasits
  Crazy Yiuf (D:6)
  4 hounds
  4 orc priests
  7 orc wizards
  A gnoll shaman (D:7)
  A centaur skeleton (D:5)
  5 worker ants
  An iguana (D:4)
  A hound zombie (D:5)
  A hound skeleton (D:5)
  Samantha (D:3)
  7 adders
  9 gnolls
  An adder skeleton (D:4)
  2 dart slugs
  24 orcs
  5 quokkas
  10 bats
  4 giant cockroaches
  18 goblins
  10 hobgoblins
  4 jackals
  A ball python (D:2)
  A frilled lizard (D:1)
  6 kobolds
  7 rats
188 creatures vanquished.

Vanquished Creatures (others)
  A slave (D:5)
1 creature vanquished.

Grand Total: 189 creatures vanquished

Notes
Turn   | Place    | Note
-------+----------+-------------------------------------------
     0 | D:1      | Halgar the Kobold Arcane Marksman began the quest for the Orb.
     0 | D:1      | Reached XP level 1. HP: 12/12 MP: 3/3
    72 | D:1      | Gained mutation: You evolve. [Kobold growth]
    72 | D:1      | Reached XP level 2. HP: 8/17 MP: 5/5
   461 | D:1      | Reached XP level 3. HP: 22/22 MP: 6/6
  1096 | D:1      | Learned a level 2 spell: Slow
  1100 | D:1      | Learned a level 3 spell: Portal Projectile
  1114 | D:2      | Reached XP level 4. HP: 27/27 MP: 8/8
  1290 | D:2      | Reached XP level 5. HP: 29/32 MP: 10/10
  1293 | D:2      | Found a bloodstained altar of Trog.
  1304 | D:2      | Found an ancient bone altar of Kikubaaqudgha.
  1306 | D:2      | Found an opulent altar of Gozag.
  1308 | D:2      | Found a viscous altar of Jiyva.
  1309 | D:2      | Found a glowing golden altar of the Shining One.
  1310 | D:2      | Found a sacrificial altar of Ru.
  1513 | D:2      | Found an ornate altar of the Wu Jian Council.
  1673 | D:2      | Found a shadowy altar of Dithmenos.
  1710 | D:2      | Found a shimmering altar of Xom.
  1821 | D:2      | Learned a level 2 spell: Blink
  1823 | D:2      | Found a snail-covered altar of Cheibriados.
  1863 | D:2      | Found a glowing silver altar of Zin.
  1866 | D:2      | Found a bloodstained altar of Trog.
  1873 | D:2      | Found a stormy altar of Qazlal.
  1972 | D:2      | Reached XP level 6. HP: 38/38 MP: 8/12
  2288 | D:3      | Noticed Sigmund
  2296 | D:3      | Reached XP level 7. HP: 36/44 MP: 1/13
  2325 | D:3      | Killed Sigmund
  2325 | D:3      | Reached XP level 8. HP: 25/48 MP: 3/15
  2416 | D:3      | Gained mutation: You are dopey. (Int -5) [evolution]
  2422 | D:3      | Learned a level 4 spell: Cause Fear
  2600 | D:3      | Noticed Samantha
  2635 | D:3      | Killed Samantha
  2932 | D:3      | Found a burning altar of Makhleb.
  3058 | D:3      | Found a hide-covered altar of Uskayaw.
  3340 | D:3      | Gained mutation: You are robust. (+10% HP) [mutagenic hatch]
  3606 | D:4      | Found a sacrificial altar of Ru.
  3966 | D:5      | Entered Level 5 of the Dungeon
  4003 | D:5      | Learned a level 4 spell: Leda's Liquefaction
  4053 | D:5      | Reached XP level 9. HP: 59/59 MP: 9/17
  4216 | D:5      | Found a white marble altar of Elyvilon.
  4347 | D:5      | Noticed Pikel
  4349 | D:5      | Noticed Blork the orc
  4387 | D:5      | Killed Pikel
  4403 | D:5      | Killed Blork the orc
  4403 | D:5      | Reached XP level 10. HP: 53/66 MP: 0/19
  4688 | D:6      | Found a radiant altar of Vehumet.
  4701 | D:6      | Became a worshipper of Vehumet
  4974 | D:6      | Found a sparkling altar of Nemelex Xobeh.
  5038 | D:6      | Found a runed door.
  5149 | D:6      | Found a deep blue altar of Sif Muna.
  5314 | D:6      | Noticed Crazy Yiuf
  5324 | D:6      | Killed Crazy Yiuf
  5491 | D:6      | Got Sif Muna's Catalogue of Illusion
  5493 | D:6      | Gained mutation: Shadows flee at your approach. (+LOS) [mutagenic hatch]
  5528 | D:7      | Found a hazy altar of Hepliaklqana.
  5939 | D:7      | Found an iron altar of Okawaru.
  5939 | D:7      | Found a basalt altar of Yredelemnul.
  6398 | D:8      | Reached XP level 11. HP: 71/71 MP: 14/20
  6403 | D:8      | Reached * piety under Vehumet
  6403 | D:8      | Offered knowledge of Conjure Flame by Vehumet.
  6806 | D:8      | Gained mutation: Your serious nature empowers your earth magic. [evolution]
  7432 | D:9      | Found Usmell's Island Escapes.
  7828 | D:9      | Reached XP level 12. HP: 78/78 MP: 22/22
  7867 | D:9      | Noticed a two-headed ogre
  7886 | D:9      | Killed a two-headed ogre
  8081 | D:9      | Offered knowledge of Dazzling Spray by Vehumet.
  8087 | D:9      | Learned a level 3 spell: Call Canine Familiar
  8093 | D:9      | Noticed a death yak
  8100 | D:9      | Noticed a death yak
  8102 | D:9      | Noticed a death yak
  8190 | D:9      | Mangled by a death yak

Action                   |  1- 3 |  4- 6 |  7- 9 | 10-12 || total
-------------------------+-------+-------+-------+-------++-------
Melee: Dagger            |    36 |    86 |   186 |   427 ||   735
       Spear             |     3 |       |       |       ||     3
       Whip              |       |     8 |       |     6 ||    14
       Punch             |       |     1 |     1 |     8 ||    10
 Fire: Shortbow          |    46 |    51 |   102 |   144 ||   343
Throw: Stone             |       |       |     1 |    17 ||    18
 Cast: Corona            |     9 |     2 |       |       ||    11
       Slow              |       |     8 |     9 |    15 ||    32
       Portal Projectile |       |     6 |    23 |    22 ||    51
       Blink             |       |       |     1 |     7 ||     8
       Leda's Liquefacti |       |       |       |     2 ||     2
       Call Canine Famil |       |       |       |     2 ||     2
       Cause Fear        |       |       |       |     1 ||     1
Evoke: Wand              |       |       |     1 |     4 ||     5
  Use: Potion            |       |       |     1 |     1 ||     2
       Scroll            |       |       |       |     1 ||     1
 Stab: Sleeping          |       |     4 |     1 |     3 ||     8
Armor: Robe              |     6 |    10 |    34 |    54 ||   104
       Animal skin       |       |     1 |       |       ||     1
Dodge: Dodged            |    36 |    89 |   191 |   280 ||   596
Block: Other             |       |       |       |   116 ||   116
